AoeStats
← Multani

Arena

510194776Analyzed
4v4 RM · 2d ago on Sep 29, 2026· 49m 48s· 8 players
Game mode
Random Map
Map size
Large (8 player)
Population
200
Speed
Normal
Resources
Standard
Victory
Conquest
Starting age
Dark Age
Ending age
Imperial Age
RankedLock teamsTeams togetherTeam positionsShared explorationLock speedFull tech treeHidden civsTurbo modeCheats
Victory
Defeat
🇻🇳 Magyars · Vietnam
1315
+13
🇦🇹 Saxons · Austria
1299
+14
🇦🇹 Danes · Austria
1298
+14
🇮🇳 Teutons · India
1250
+16
🇧🇪 Portuguese · Belgium
1270
-15
🇦🇷 Danes · Argentina
1263
-15
🇦🇹 Teutons · Austria
1251
-14
🇨🇦 Wu · Canada
1227
-13
noumha
2:32 Loom
11:01 Feudal Age
15:14 Castle Age
25:40 Imperial Age
23:03 Double-Bit Axe
27:59 Chemistry
27:08 Padded Archer Armor
28:10 Fortified Wall
28:09 Siege Engineers
29:47 Horse Collar
33:11 Leather Archer Armor
34:50 Conscription
37:08 Arquebus
Multani
10:55 Feudal Age
12:12 Double-Bit Axe
14:33 Castle Age
12:25 Horse Collar
15:37 Bow Saw
16:06 Wheelbarrow
16:02 Heavy Plow
26:26 Imperial Age
24:57 Loom
25:28 Hand Cart
26:19 Pikeman
27:00 Squires
27:13 Onager
29:32 Masonry
29:36 Fortified Wall
31:23 Scale Mail Armor
31:33 Forging
31:14 Stone Mining
33:54 Gold Mining
34:39 Stone Shaft Mining
34:00 Halberdier
35:52 Conscription
36:50 Siege Onager
39:30 Chemistry
39:18 Siege Engineers
42:13 Ironclad
43:13 Fletching
43:48 Bombard Tower
45:46 Ballistics
45:28 Heavy Scorpion
45:47 Heavy Scorpion
Nhitty
10:55 Feudal Age
11:30 Double-Bit Axe
14:59 Castle Age
14:01 Double-Bit Axe
14:08 Gold Mining
16:56 Fletching
19:36 Loom
22:47 Bodkin Arrow
el maldito asfalto
10:40 Feudal Age
15:00 Castle Age
13:28 Double-Bit Axe
13:48 Horse Collar
19:47 Bow Saw
20:43 Heavy Plow
30:36 Imperial Age
28:43 Wheelbarrow
27:56 Town Watch
27:58 Loom
28:12 Man-at-Arms
28:53 Squires
28:39 Gambesons
28:40 Arson
28:57 Scale Mail Armor
29:08 Forging
31:09 Chain Mail Armor
31:29 Iron Casting
30:42 Elite Varangian Guard
32:56 Conscription
32:40 Gold Mining
32:54 Hamask
34:14 Plate Mail Armor
34:44 Blast Furnace
34:00 Onager
34:48 Capped Ram
39:28 Siege Ram
39:29 Siege Onager
46:54 Northmen's Fury
48:35 Siege Engineers
48:51 Ballistics
SlopMasta
10:08 Feudal Age
10:35 Horse Collar
10:41 Double-Bit Axe
16:16 Castle Age
16:34 Loom
17:03 Heavy Plow
17:14 Bow Saw
18:43 Wheelbarrow
18:35 Squires
19:08 Scale Mail Armor
19:00 Arson
22:43 Fletching
23:48 Forging
23:38 Gambesons
26:26 Hand Cart
27:05 Gold Mining
27:06 Stone Mining
27:35 Bodkin Arrow
27:58 Town Watch
29:42 Chain Mail Armor
28:48 Hamask
33:38 Imperial Age
31:24 Padded Archer Armor
32:20 Thumb Ring
33:11 Bloodlines
33:01 Husbandry
33:49 Gold Shaft Mining
34:50 Ballistics
34:34 Cranequins
35:17 Bracer
35:58 Stone Shaft Mining
35:14 Elite Varangian Guard
35:57 Light Cavalry
37:20 Conscription
39:17 Chemistry
38:19 Heavy Mounted Crossbowman
39:42 Murder Holes
39:58 Masonry
42:06 Fervor
42:17 Sanctity
42:17 Man-at-Arms
42:17 Pikeman
44:17 Hoardings
44:36 Plate Mail Armor
46:16 Leather Archer Armor
46:36 Iron Casting
45:29 Elite Jomsviking
47:00 Block Printing
46:47 Devotion
46:45 Onager
48:05 Ring Archer Armor
47:40 Scale Barding Armor
47:30 Long Swordsman
47:31 Halberdier
47:46 Heavy Scorpion
48:58 Siege Engineers
48:22 Two-Handed Swordsman
50:20 Blast Furnace
49:28 Scale Barding Armor
50:25 Caravan
50:55 Coinage
Mr. Curse
10:31 Feudal Age
11:28 Horse Collar
11:35 Double-Bit Axe
14:34 Loom
16:53 Castle Age
15:10 Gold Mining
15:17 Stone Mining
15:20 Loom
17:42 Wheelbarrow
17:49 Bow Saw
17:40 Heavy Plow
19:31 Hand Cart
23:20 Town Watch
23:28 Fletching
26:10 Crossbowman
29:08 Gold Shaft Mining
31:33 Imperial Age
29:14 Scale Mail Armor
30:18 Chain Mail Armor
30:27 Forging
30:21 Squires
30:14 Arson
31:38 Elite Hearth Troop
32:40 Conscription
31:57 Shield Wall
33:11 Plate Mail Armor
32:07 Capped Ram
33:55 Two-Man Saw
34:27 Iron Casting
33:20 Siege Ram
35:42 Chemistry
35:03 Ballistics
34:43 Bodkin Arrow
34:49 Padded Archer Armor
35:52 Town Patrol
36:33 Hoardings
36:14 Bracer
35:36 Arbalester
36:32 Masonry
36:19 Murder Holes
36:59 Town Patrol
39:31 Guilds
39:57 Leather Archer Armor
39:49 Thumb Ring
41:17 Architecture
41:42 Redemption
42:22 Coinage
41:52 Caravan
42:39 Crop Rotation
41:52 Elite Skirmisher
43:05 Ring Archer Armor
42:40 Scale Barding Armor
41:59 Pikeman
42:00 Elite Varangian Guard
42:26 Gambesons
43:51 Sanctity
42:56 Clerical Recruitment
44:07 Siege Engineers
43:43 Treadmill Crane
43:55 Guard Tower
43:51 Arrowslits
46:12 Chain Barding Armor
45:54 Atonement
45:28 Sappers
[T41] Indian War Lord
10:28 Feudal Age
11:18 Double-Bit Axe
14:09 Forging
16:37 Castle Age
15:14 Horse Collar
16:58 Wheelbarrow
17:23 Fletching
18:25 Loom
28:02 Forging
29:11 Bow Saw
33:18 Imperial Age
32:20 Caravan
33:27 Iron Casting
33:22 Scale Barding Armor
33:29 Bloodlines
33:50 Gold Mining
34:10 Gambesons
34:49 Heavy Plow
36:12 Scale Mail Armor
37:48 Blast Furnace
37:23 Elite Teutonic Knight
38:38 Man-at-Arms
39:20 Arson
39:26 Long Swordsman
42:22 Chain Mail Armor
42:01 Two-Handed Swordsman
47:34 Champion
50:43 Chemistry
Melodies of Life
4:01 Loom
11:37 Feudal Age
15:25 Castle Age
13:13 Double-Bit Axe
13:33 Horse Collar
16:58 Town Watch
17:52 Bow Saw
21:10 Fletching
23:27 Scale Barding Armor
24:56 Chain Barding Armor
27:33 Wheelbarrow
26:51 Gold Mining
26:52 Stone Mining
27:05 Heavy Plow
31:08 Hand Cart
33:32 Imperial Age
31:46 Corvinian Army
32:43 Bodkin Arrow
33:24 Ballistics
34:07 Padded Archer Armor
34:32 Bracer
33:58 Heavy Cavalry Archer
37:45 Parthian Tactics
37:48 Padded Archer Armor
39:41 Conscription
40:37 Leather Archer Armor
42:28 Thumb Ring
46:03 Recurve Bow
47:31 Ring Archer Armor
48:53 Plate Barding Armor
48:14 Elite Magyar Huszar
51:10 Chemistry
49:51 Treadmill Crane
50:22 Masonry
50:17 Siege Engineers
51:17 Two-Man Saw
50:48 Crop Rotation
50:54 Gold Shaft Mining
Connection lost

Rejoining the realm…

Still unreachable

The connection could not be restored.

Session expired

The server has moved on; the page needs a fresh start.